PL
RICHARDSON CITY THUNDERCATS @ PANAMA CITY PIRANHAS
10/12/2026
 
TOP OF THE 1ST
Richardson City Thundercats batting - Pitching for Panama City Piranhas : LHP Pedro Alejándrez
Pitching: LHP Pedro Alejándrez
Batting: RHB Jonathan Cook 0-0: Called Strike
0-1: Ball
1-1: Called Strike
1-2: Ball
2-2: Ball
3-2: Foul Ball, location: 2F
3-2: Ground out 1-3 (Groundball, P)
Batting: RHB Juan Cabrera 0-0: Foul Ball, location: 2F
0-1: Called Strike
0-2: Strikes out swinging
Batting: SHB Seishiro Nishimura 0-0: Called Strike
0-1: Swinging Strike
0-2: Strikes out swinging
Top of the 1st over - 0 run(s), 0 hit(s), 0 error(s), 0 left on base; Richardson City 0 - Panama City 0
BOTTOM OF THE 1ST
Panama City Piranhas batting - Pitching for Richardson City Thundercats : RHP Cordell Wilson
Pitching: RHP Cordell Wilson
Batting: RHB Juan Jose Ayala 0-0: Called Strike
0-1: SINGLE (Groundball, 23) (infield hit)
Batting: LHB Herman Hayes 0-0: Ball
1-0: Foul Ball, location: 2F
1-1: Foul Ball, location: 2F
1-2: Ball
2-2: Strikes out swinging
Batting: SHB Tsing Guao 0-0: Ball
1-0: Called Strike
1-1: Swinging Strike
1-2: Ball
2-2: Foul Ball, location: 2F
2-2: Strikes out swinging
Batting: RHB Fernando Silva 0-0: Ball
1-0: Ball
2-0: Ground out 6-3 (Groundball, 6M)
Bottom of the 1st over - 0 run(s), 1 hit(s), 0 error(s), 1 left on base; Richardson City 0 - Panama City 0
TOP OF THE 2ND
Richardson City Thundercats batting - Pitching for Panama City Piranhas : LHP Pedro Alejándrez
Batting: RHB Nate Cates 0-0: Swinging Strike
0-1: Swinging Strike
0-2: Ground out 5-3 (Groundball, 56S)
Batting: RHB Alan Elder 0-0: Called Strike
0-1: Called Strike
0-2: Ball
1-2: Ball
2-2: Strikes out looking
Batting: LHB Eduardo Álvarez 0-0: Ball
1-0: Called Strike
1-1: Ball
2-1: Foul Ball, location: 2F
2-2: Ground out 5-3 (Groundball, 56)
Top of the 2nd over - 0 run(s), 0 hit(s), 0 error(s), 0 left on base; Richardson City 0 - Panama City 0
BOTTOM OF THE 2ND
Panama City Piranhas batting - Pitching for Richardson City Thundercats : RHP Cordell Wilson
Batting: LHB Robert Adams 0-0: Ground out 4-3 (Groundball, 4)
Batting: RHB Baldomero Avino 0-0: Ball
1-0: SINGLE (Groundball, 6D)
Batting: SHB Marc Talamante 0-0: Ball
1-0: Ball
2-0: Ground out U3 (Groundball, 3L)
Baldomero Avino to second
Batting: RHB Armando Alvarado 0-0: Called Strike
0-1: Ground out 5-3 (Groundball, 5D)
Bottom of the 2nd over - 0 run(s), 1 hit(s), 0 error(s), 1 left on base; Richardson City 0 - Panama City 0
TOP OF THE 3RD
Richardson City Thundercats batting - Pitching for Panama City Piranhas : LHP Pedro Alejándrez
Batting: RHB Alden Wiley 0-0: Called Strike
0-1: Called Strike
0-2: Strikes out swinging
Batting: SHB Mitch Qualtrough 0-0: Called Strike
0-1: Foul Ball, location: 2F
0-2: Foul Ball, location: 2F
0-2: Ball
1-2: Ball
2-2: SINGLE (Groundball, 4D)
Batting: LHB Carroll Martin 0-0: Fielders Choice at 2nd, 4-6 (Groundball, 4M)
Batting: RHB Jonathan Cook 0-0: Foul Ball, location: 2F
0-1: Called Strike
0-2: Ball
Carroll Martin is caught stealing 2nd base
Top of the 3rd over - 0 run(s), 1 hit(s), 0 error(s), 0 left on base; Richardson City 0 - Panama City 0
BOTTOM OF THE 3RD
Panama City Piranhas batting - Pitching for Richardson City Thundercats : RHP Cordell Wilson
Batting: RHB Tim Barnes 0-0: Called Strike
0-1: DOUBLE (Groundball, 5L)
Batting: RHB Juan Jose Ayala 0-0: Ball
1-0: Ground out 5-3 (Groundball, 56S)
Tim Barnes to third
Batting: LHB Herman Hayes 0-0: Called Strike
0-1: Ball
1-1: Ball
2-1: Ball
3-1: Base on Balls
Batting: SHB Tsing Guao 0-0: Ball
1-0: Foul Ball, location: 2F
1-1: Swinging Strike
1-2: Ball
2-2: Foul Ball, location: 2F
2-2: Foul Ball, location: 2F
2-2: Ball
3-2: Fly out, F7 (Flyball, 7LS)
Batting: RHB Fernando Silva 0-0: Ball
1-0: Swinging Strike
1-1: Ball
2-1: Fielders Choice at 2nd, 6-4 (Groundball, 6)
Bottom of the 3rd over - 0 run(s), 1 hit(s), 0 error(s), 1 left on base; Richardson City 0 - Panama City 0
TOP OF THE 4TH
Richardson City Thundercats batting - Pitching for Panama City Piranhas : LHP Pedro Alejándrez
Batting: RHB Jonathan Cook 0-0: Ball
1-0: Ball
2-0: SINGLE (Line Drive, 5)
Batting: RHB Juan Cabrera 0-0: SINGLE (Line Drive, 8RS)
Jonathan Cook to second
Batting: SHB Seishiro Nishimura 0-0: Foul Ball, location: 2F
0-1: Ball
1-1: Called Strike
1-2: Foul Ball, location: 2F
1-2: Foul Ball, location: 2F
1-2: Foul Ball, location: 2F
1-2: Foul Ball, location: 2F
1-2: Fly out, F6 (Line Drive, 6)
Lined into DP, 6-4 (Line Drive, 6)
Batting: RHB Nate Cates 0-0: Ball
1-0: Called Strike
1-1: Foul Ball, location: 2F
1-2: Ball
2-2: Strikes out looking
Top of the 4th over - 0 run(s), 2 hit(s), 0 error(s), 1 left on base; Richardson City 0 - Panama City 0
BOTTOM OF THE 4TH
Panama City Piranhas batting - Pitching for Richardson City Thundercats : RHP Cordell Wilson
Batting: LHB Robert Adams 0-0: Ball
1-0: Fly out, F7 (Flyball, 7)
Batting: RHB Baldomero Avino 0-0: Ball
1-0: Foul Ball, location: 2F
1-1: Ground out 6-3 (Groundball, 6)
Batting: SHB Marc Talamante 0-0: Called Strike
0-1: Foul Ball, location: 2F
0-2: Ball
1-2: Ground out 6-3 (Groundball, 6)
Bottom of the 4th over - 0 run(s), 0 hit(s), 0 error(s), 0 left on base; Richardson City 0 - Panama City 0
TOP OF THE 5TH
Richardson City Thundercats batting - Pitching for Panama City Piranhas : LHP Pedro Alejándrez
Batting: RHB Alan Elder 0-0: Ball
1-0: Foul Ball, location: 2F
1-1: Called Strike
1-2: Ball
2-2: Strikes out looking
Batting: LHB Eduardo Álvarez 0-0: Ball
1-0: Ground out U3 (Groundball, 3)
Batting: RHB Alden Wiley 0-0: Ball
1-0: Called Strike
1-1: Ground out 6-3 (Groundball, 6S)
Top of the 5th over - 0 run(s), 0 hit(s), 0 error(s), 0 left on base; Richardson City 0 - Panama City 0
BOTTOM OF THE 5TH
Panama City Piranhas batting - Pitching for Richardson City Thundercats : RHP Cordell Wilson
Batting: RHB Armando Alvarado 0-0: Fly out, F7 (Line Drive, 7)
Batting: RHB Tim Barnes 0-0: Fly out, F7 (Flyball, 7LSF)
Batting: RHB Juan Jose Ayala 0-0: Ball
1-0: Ground out U3 (Groundball, 34)
Bottom of the 5th over - 0 run(s), 0 hit(s), 0 error(s), 0 left on base; Richardson City 0 - Panama City 0
TOP OF THE 6TH
Richardson City Thundercats batting - Pitching for Panama City Piranhas : LHP Pedro Alejándrez
Batting: SHB Mitch Qualtrough 0-0: Foul Ball, location: 2F
0-1: Foul Ball, location: 2F
0-2: Foul Ball, location: 2F
0-2: Strikes out swinging
Batting: LHB Carroll Martin 0-0: Foul Ball, location: 2F
0-1: Reached on error, E6 (Groundball, 56D)
Batting: RHB Jonathan Cook 0-0: Ball
1-0: Fly out, F7 (Flyball, 7)
Batting: RHB Juan Cabrera 0-0: Ball
1-0: Called Strike
1-1: Ball
2-1: Called Strike
2-2: SINGLE (Groundball, 4MD)
Carroll Martin to third
Runner from 3rd tries for Home, SAFE, no throw
Batting: SHB Seishiro Nishimura 0-0: Foul Ball, location: 2F
0-1: Foul Ball, location: 2F
0-2: Strikes out swinging
Top of the 6th over - 1 run(s), 1 hit(s), 1 error(s), 1 left on base; Richardson City 1 - Panama City 0
BOTTOM OF THE 6TH
Panama City Piranhas batting - Pitching for Richardson City Thundercats : RHP Cordell Wilson
Batting: LHB Herman Hayes 0-0: Called Strike
0-1: Foul Ball, location: 2F
0-2: Foul Ball, location: 2F
0-2: Ground out 1-3 (Groundball, 15S)
Batting: SHB Tsing Guao 0-0: Ball
1-0: Swinging Strike
1-1: Foul Ball, location: 2F
1-2: Foul Ball, location: 2F
1-2: Ground out 4-3 (Groundball, 4M)
Batting: RHB Fernando Silva 0-0: Ball
1-0: Fly out, F7 (Line Drive, 7S)
Bottom of the 6th over - 0 run(s), 0 hit(s), 0 error(s), 0 left on base; Richardson City 1 - Panama City 0
TOP OF THE 7TH
Richardson City Thundercats batting - Pitching for Panama City Piranhas : LHP Pedro Alejándrez
Batting: RHB Nate Cates 0-0: Swinging Strike
0-1: Fly out, F9 (Flyball, 9S)
Batting: RHB Alan Elder 0-0: Ball
1-0: Called Strike
1-1: Foul Ball, location: 2F
1-2: Ball
2-2: Hit by Pitch
Pinch Runner at 1st José Cruz:
Batting: LHB Eduardo Álvarez 0-0: Ball
1-0: Called Strike
1-1: Called Strike
1-2: Foul Ball, location: 2F
1-2: Fielders Choice at 2nd, 1-6 (Groundball, 13S)
Batting: RHB Alden Wiley 0-0: Ball
1-0: Ball
2-0: Ball
3-0: Called Strike
Balk!
Eduardo Álvarez to second
3-1: Swinging Strike
3-2: Ground out 6-3 (Groundball, 6)
Top of the 7th over - 0 run(s), 0 hit(s), 0 error(s), 1 left on base; Richardson City 1 - Panama City 0
BOTTOM OF THE 7TH
Panama City Piranhas batting - Pitching for Richardson City Thundercats : RHP Cordell Wilson
Now in LF: José Cruz
Batting: LHB Robert Adams 0-0: Ball
1-0: Called Strike
1-1: Swinging Strike
1-2: Ground out 1-3 (Groundball, P)
Batting: RHB Baldomero Avino 0-0: SINGLE (Groundball, 6D)
Batting: SHB Marc Talamante 0-0: Foul Ball, location: 2F
0-1: Ball
1-1: Fielders Choice at 2nd, 4-6 (Groundball, 4)
Batting: RHB Armando Alvarado 0-0: Called Strike
0-1: Fly out, F5 (Line Drive, 56)
Bottom of the 7th over - 0 run(s), 1 hit(s), 0 error(s), 1 left on base; Richardson City 1 - Panama City 0
TOP OF THE 8TH
Richardson City Thundercats batting - Pitching for Panama City Piranhas : LHP Pedro Alejándrez
Batting: SHB Mitch Qualtrough 0-0: Called Strike
0-1: Ball
1-1: Called Strike
1-2: Ball
2-2: Ground out 1-3 (Groundball, P)
Batting: LHB Carroll Martin 0-0: Ball
1-0: Swinging Strike
1-1: Foul Ball, location: 2F
1-2: Ball
2-2: Foul Ball, location: 2F
2-2: SINGLE (Groundball, 34D)
Pitching: RHP Anderson O'Mara
Batting: RHB Jonathan Cook 0-0: Ball
1-0: Foul Ball, location: 2F
1-1: Ball
2-1: Ball
3-1: Foul Ball, location: 2F
3-2: SINGLE (Line Drive, 9LS)
Carroll Martin to second
Carroll Martin to third
Batting: RHB Juan Cabrera 0-0: Called Strike
0-1: Foul Ball, location: 2F
0-2: Ball
1-2: Strikes out looking
Batting: SHB Seishiro Nishimura 0-0: Called Strike
0-1: Ball
1-1: Foul Ball, location: 2F
1-2: Ball
2-2: Strikes out swinging
Top of the 8th over - 0 run(s), 2 hit(s), 0 error(s), 2 left on base; Richardson City 1 - Panama City 0
BOTTOM OF THE 8TH
Panama City Piranhas batting - Pitching for Richardson City Thundercats : RHP Cordell Wilson
Batting: RHB Tim Barnes 0-0: Called Strike
0-1: Ball
1-1: Ball
2-1: Ball
3-1: SINGLE (Line Drive, 56)
Batting: RHB Juan Jose Ayala 0-0: Ball
1-0: Ball
2-0: Ball
3-0: Called Strike
3-1: Called Strike
3-2: Reached on error, E5 (Groundball, 56S)
Tim Barnes to second
Batting: LHB Herman Hayes 0-0: Ball
1-0: Fly out, F9 (Flyball, 9)
Batting: SHB Tsing Guao 0-0: Foul Ball, location: 2F
0-1: Ball
1-1: SINGLE (Groundball, 3D)
Tim Barnes to third
Juan Jose Ayala to second
Runner from 3rd tries for Home, SAFE, throw made home
Batting: RHB Fernando Silva 0-0: Called Strike
0-1: Ball
1-1: Ball
2-1: Swinging Strike
2-2: Fly out, F3 (Popup, 3)
Batting: LHB Robert Adams 0-0: Called Strike
0-1: Ball
1-1: Ball
2-1: Foul Ball, location: 2F
2-2: Foul Ball, location: 2F
2-2: Foul Ball, location: 2F
2-2: Strikes out swinging
Bottom of the 8th over - 1 run(s), 2 hit(s), 1 error(s), 2 left on base; Richardson City 1 - Panama City 1
TOP OF THE 9TH
Richardson City Thundercats batting - Pitching for Panama City Piranhas : RHP Anderson O'Mara
Pitching: RHP Luis Flores
Pinch Hitting: LHB Terrence Eler 0-0: Ball
1-0: Ball
2-0: Called Strike
2-1: Foul Ball, location: 2F
2-2: Strikes out swinging
Pinch Hitting: LHB Fernando Ramírez 0-0: Swinging Strike
0-1: Ball
1-1: Swinging Strike
1-2: Foul Ball, location: 2F
1-2: Strikes out swinging
Batting: LHB Eduardo Álvarez 0-0: Ball
1-0: Called Strike
1-1: Swinging Strike
1-2: Strikes out swinging
Top of the 9th over - 0 run(s), 0 hit(s), 0 error(s), 0 left on base; Richardson City 1 - Panama City 1
BOTTOM OF THE 9TH
Panama City Piranhas batting - Pitching for Richardson City Thundercats : RHP Cordell Wilson
Now at 1B: Terrence Eler
Now in LF: Joey Jones
Batting: RHB Baldomero Avino 0-0: Ball
1-0: Ball
2-0: Called Strike
2-1: Fly out, F8 (Line Drive, 8LS)
Pitching: LHP Javier Ramírez
Pinch Hitting: RHB Raúl Ortíz 0-0: Ball
1-0: Called Strike
1-1: Foul Ball, location: 2F
1-2: Ball
2-2: Foul Ball, location: 2F
2-2: Ball
3-2: Strikes out looking
Batting: RHB Armando Alvarado 0-0: Ball
1-0: Fly out, F4 (Line Drive, 4)
Bottom of the 9th over - 0 run(s), 0 hit(s), 0 error(s), 0 left on base; Richardson City 1 - Panama City 1
TOP OF THE 10TH
Richardson City Thundercats batting - Pitching for Panama City Piranhas : RHP Luis Flores
Now in LF: Sergio Muńóz
Pinch Hitting: RHB Tomás Martínez 0-0: Called Strike
0-1: Ball
1-1: Swinging Strike
1-2: Foul Ball, location: 2F
1-2: Strikes out swinging
Batting: SHB Mitch Qualtrough 0-0: Foul Ball, location: 2F
0-1: Called Strike
0-2: Ground out 1-3 (Groundball, 13)
Batting: LHB Carroll Martin 0-0: Swinging Strike
0-1: Foul Ball, location: 2F
0-2: Strikes out swinging
Top of the 10th over - 0 run(s), 0 hit(s), 0 error(s), 0 left on base; Richardson City 1 - Panama City 1
BOTTOM OF THE 10TH
Panama City Piranhas batting - Pitching for Richardson City Thundercats : LHP Javier Ramírez
Now at 3B: Fernando Rivera
Batting: RHB Tim Barnes 0-0: Ball
1-0: Swinging Strike
1-1: Ball
2-1: Called Strike
2-2: Ball
3-2: Strikes out swinging
Batting: RHB Juan Jose Ayala 0-0: Called Strike
0-1: Called Strike
0-2: Ball
1-2: Strikes out looking
Batting: LHB Herman Hayes 0-0: SOLO HOME RUN (Line Drive, 7LD), Distance : 330 ft
Monday, March 20th, 2017 - OOTP Baseball 17.12 Build 75